 Dungeon Crawl Stone Soup version 0.22.1-1-ga44c0e5 (webtiles) character file.

100 Fang the Skirmisher (level 4, -1/29 HPs)
             Began as a Gargoyle Berserker on Sept 21, 2018.
             Was a Believer of Trog.
             Slain by a hobgoblin
             ... wielding a +0 club
             ... led by Robin
              (4 damage)
             ... on level 2 of the Dungeon.
             The game lasted 00:01:45 (1615 turns).

Fang the Skirmisher (Gargoyle Berserker)            Turns: 1615, Time: 00:01:46

Health: -1/29      AC:  5    Str: 22    XL:     4   Next: 74%
Magic:  4/4        EV: 12    Int:  7    God:    Trog [**....]
Gold:   25         SH:  0    Dex:  9    Spells: 3/3 levels left

rFire    + . .     SeeInvis .   a - +0 hand axe
rCold    + . .     Gourm    .   (no shield)
rNeg     + . .     Faith    .   b - +0 animal skin
rPois    ∞         Spirit   .   (no helmet)
rElec    +         Reflect  .   h - scarf {rC+ rF+}
rCorr    .         Harm     .   (no gloves)
MR       ++...                  (no boots)
Stlth    +.........             (no amulet)
HPRegen  1.09/turn              (no ring)
MPRegen  0.09/turn              (no ring)

@: berserk cooldown, regenerating, slowed, very slow
A: negative energy resistance 1, electricity resistance, unbreathing,
petrification resistance, rot immunity, AC +3
a: Berserk, Trog's Hand, Renounce Religion


You were on level 2 of the Dungeon.
You worshipped Trog.
Trog was pleased with you.
You were hungry.

You visited 1 branch of the dungeon, and saw 2 of its levels.

You collected 25 gold pieces.

Inventory:

Hand Weapons
 a - a +0 hand axe (weapon)
Armour
 b - a +0 animal skin (worn)
 h - a scarf of resistance (worn)
Scrolls
 d - 2 scrolls of identify {unknown}
 f - a scroll of remove curse {unknown}
 i - a scroll of enchant armour {unknown}
 j - 2 scrolls of immolation {unknown}
Potions
 e - a potion of invisibility {unknown}
 g - a potion of mutation {unknown}
Comestibles
 c - 2 rations


   Skills:
 + Level 3.8 Fighting
 + Level 3.7 Axes
 + Level 2.4 Armour
 + Level 2.4 Dodging
 + Level 1.0 Stealth


You had 3 spell levels left.
You didn't know any spells.
Your spell library was empty.

Dungeon Overview and Level Annotations

Branches:
Dungeon (2/15)

Altars:
Okawaru

Annotations:
D:2 Robin


Innate Abilities, Weirdness & Mutations

You are resistant to torment.
Your stone body is resilient. (AC +3)
You are immune to poison.
You resist negative energy. (rN+)
You are resistant to electric shocks. (rElec)
You can survive without breathing.
You are immune to petrification.
You are immune to rotting.


Message History

You hit Robin but do no damage.
Robin is lightly wounded.
You completely miss the hobgoblin. The hobgoblin hits you with a club.
* * * LOW HITPOINT WARNING * * *
Robin hits you with a club.
* * * LOW HITPOINT WARNING * * *
The hobgoblin hits you but does no damage.
You closely miss the hobgoblin. You hit Robin.
Robin hits you but does no damage. The hobgoblin hits you with a club.
* * * LOW HITPOINT WARNING * * *
Robin misses you.
Unknown command.
You slash Robin!
Robin is almost dead.
You hit the hobgoblin but do no damage.
You feel the effects of Trog's Hand fading.
The hobgoblin hits you with a club.
* * * LOW HITPOINT WARNING * * *
Robin barely misses you. The hobgoblin hits you with a club.
You die...

#.........##.#######.##.# #
#.........##.#######.##.###
#..........................
#.######'#.#.#######.##.###
#.# #.#.#.........##.# #
#.######.#.############.###
#........#)# .............
##########.# ########.#.##
#...g@# #.#.## #....g#
#.#..# #.....# #####.#..#
..'.....# #........#
..#.....# #.....##.. .
#.....# #.....###. #.....#
#.....# #. #.....# #.....#
## #.....# #


You could see Robin and a hobgoblin.

Vanquished Creatures
  4 adders (D:2)
  An ooze (D:2)
  A dart slug (D:2)
  A leopard gecko (D:1)
  5 giant cockroaches
  12 goblins
  10 hobgoblins
  4 jackals (D:1)
  A quokka (D:2)
  5 bats
  2 frilled lizards
  2 kobolds
  5 rats (D:1)
53 creatures vanquished.

Notes
Turn   | Place    | Note
-------+----------+-------------------------------------------
     0 | D:1      | Fang the Gargoyle Berserker began the quest for the Orb.
     0 | D:1      | Reached XP level 1. HP: 14/14 MP: 1/1
   157 | D:1      | Reached XP level 2. HP: 15/19 MP: 2/2
   412 | D:1      | Reached XP level 3. HP: 22/24 MP: 3/3
   787 | D:2      | Reached ** piety under Trog
   934 | D:2      | Reached XP level 4. HP: 19/29 MP: 4/4
  1296 | D:2      | Found an iron altar of Okawaru.
  1593 | D:2      | Noticed Robin
  1599 | D:2      | Reached skill level 1 in Stealth
  1615 | D:2      | Slain by a hobgoblin

Skill      XL: |  1  2  3  4 |
---------------+-------------+-----
Axes           | 3 |  3.7
Dodging        | 2 |  2.4
Stealth        | 1 |  1.0
Fighting       | |  3.8
Armour         | |  2.4

Action                   |  1- 3 |  4- 6 || total
-------------------------+-------+-------++-------
Melee: Hand axe          |   145 |    80 ||   225
Invok: Berserk           |     1 |     1 ||     2
       Trog's Hand       |       |     1 ||     1
 Stab: Sleeping          |     1 |     2 ||     3
  Eat: Chunk             |     1 |     3 ||     4
Armor: Animal skin       |    87 |    30 ||   117
Dodge: Dodged            |   123 |    67 ||   190
